 Dungeon Crawl Stone Soup version 0.19.1 (webtiles) character file.

1187 Gargoyl the Poker (level 8, 0/67 HPs)
             Began as a Ghoul Abyssal Knight on Dec 21, 2016.
             Was a Priest of Lugonu.
             Killed from afar by an orc wizard (5 damage)
             ... with a magic dart
             ... on level 5 of the Dungeon.
             The game lasted 00:09:37 (4047 turns).

Gargoyl the Poker (Ghoul Abyssal Knight)            Turns: 4047, Time: 00:09:39

Health: 0/67       AC: 10    Str: 17    XL:     8   Next: 43%
Magic:  10/10      EV: 10    Int: 12    God:    Lugonu [***...]
Gold:   233        SH:  0    Dex:  9    Spells: 0 memorised, 7 levels left

rFire  . . .     SeeInvis .     d - +3 glaive (chop)
rCold  + . .     Gourm    .     p - +0 chain mail
rNeg   + + +     Faith    .     (shield currently unavailable)
rPois  ∞         Spirit   .     (no helmet)
rElec  .         Reflect  .     (no cloak)
rCorr  .         Harm     .     g - +0 pair of gloves
MR     .....                    (no boots)
Stlth  ..........               (no amulet)
                                (no ring)
                                l - +3 ring of evasion

@: brilliant, rotting
A: rotting body, claws 1, carnivore 3, cold resistance 1, negative energy
resistance 3, slow regeneration 1, torment resistance, unbreathing
a: Depart the Abyss, Bend Space, Banish, Renounce Religion


You were on level 5 of the Dungeon.
You worshipped Lugonu.
Lugonu was most pleased with you.
You were not hungry.

You visited 1 branch of the dungeon, and saw 6 of its levels.
You visited the Abyss 1 time.

You collected 233 gold pieces.

Inventory:

Hand Weapons
 a - a +1 hand axe
 d - a +3 glaive of chopping (weapon)
Missiles
 n - 4 javelins (quivered)
Armour
 g - a +0 pair of gloves (worn)
 p - a +0 chain mail (worn)
Jewellery
 l - a +3 ring of evasion (left hand)
Wands
 f - a wand of lightning (13/15)
Scrolls
 e - 2 scrolls of identify
 i - 2 scrolls of teleportation
Potions
 h - a potion of resistance {unknown}
 k - a potion of brilliance
 m - a potion of might {unknown}
 q - a potion of ambrosia {unknown}
 s - 2 potions of cure mutation {unknown}
Comestibles
 b - a slice of pizza
 c - 4 meat rations
 j - a beef jerky


   Skills:
 + Level 4.6 Fighting
 + Level 1.8(4.3) Axes
 * Level 6.2(6.4) Polearms
 + Level 0.3 Throwing
 * Level 4.7 Armour
 - Level 0.8 Dodging
 * Level 4.3 Invocations


You had 7 spell levels left.
You didn't know any spells.

Dungeon Overview and Level Annotations

Branches:
Dungeon (6/15)             Temple (0/1) D:5

Altars:
Hepliaklqana
Trog


Innate Abilities, Weirdness & Mutations

Your body is rotting away.
You thrive on raw meat.
You are immune to poison.
You have sharp fingernails.
You are carnivorous and can eat meat at any time.
Your flesh is cold resistant. (rC+)
You are immune to negative energy. (rN+++)
You regenerate slowly when monsters are visible.
You are immune to unholy pain and torment.
You can survive without breathing.


Message History

You completely miss the orc wizard.
The orc wizard is severely wounded.
The orc wizard hits you but does no damage.
The orc warrior hits you with a short sword!
* * * LOW HITPOINT WARNING * * *
The orc wizard misses you.
Unknown command.
You barely miss the orc wizard.
The orc wizard is severely wounded.
The orc warrior hits you with a short sword.
* * * LOW HITPOINT WARNING * * *
The orc wizard hits you but does no damage.
Unknown command.
It was a potion of brilliance.
You feel clever all of a sudden.
The orc warrior hits you with a short sword!
* * * LOW HITPOINT WARNING * * *
The orc wizard gestures at you while chanting.
The magic dart hits you!
You die...

#....))..#
#..####......#......
#####)####
##.##...#...###.#..< ##<#
#.....#...#.# #..... #..#
#...###..##.###..#.. ##..#
#..####..##.##...### #..##
##...........##.#.# # #..#
#.................###
###..#
#...o.......#......##
##....#
#.#.@o......#......##
#..##.#
#....#...###........#
#.###.#
##...#...###..##.....
#.#...#
###.####.#...[##...##
#.#...#
###............########
#.#...# #...#.#........##
#.#...####.###...........#
#.#...##...###...........#
#.#......###>............#


You could see an orc warrior and an orc wizard.

Vanquished Creatures
  Sigmund (D:5)
  Edmund (D:3)
  A sky beast (D:5)
  A phantom (D:5)
  An ogre (D:5)
  2 scorpions (D:5)
  A crimson imp (D:5)
  4 orc priests (D:5)
  5 orc wizards
  2 worker ants
  A howler monkey zombie (D:5)
  A worker ant zombie (D:5)
  3 gnolls (D:2)
  6 adders
  A shadow imp (D:5)
  An ooze (D:4)
  3 worms
  2 dart slugs
  5 leopard geckos
  11 orcs
  9 giant cockroaches
  7 hobgoblins
  3 jackals (D:1)
  3 quokkas
  2 ball pythons
  4 bats
  6 frilled lizards
  5 goblins
  6 kobolds
  9 rats
107 creatures vanquished.

Vanquished Creatures (others)
  An ooze (D:1)
  A giant cockroach (D:1)
2 creatures vanquished.

Grand Total: 109 creatures vanquished

Notes
Turn   | Place    | Note
-------+----------+-------------------------------------------
     0 | Abyss:1  | Gargoyl the Ghoul Abyssal Knight began the quest for the Orb.
     0 | Abyss:1  | Reached XP level 1. HP: 19/19 MP: 1/1
    33 | Abyss:1  | Noticed an apocalypse crab
    37 | Abyss:1  | Noticed a small abomination
    62 | Abyss:2  | Noticed an ophan
   183 | Abyss:4  | Noticed an ancient zyme
   199 | Abyss:4  | Noticed a small abomination
   203 | Abyss:4  | Noticed a neqoxec
   205 | D:1      | Escaped the Abyss
   258 | D:1      | Reached * piety under Lugonu
   274 | D:1      | Reached XP level 2. HP: 5/26 MP: 2/2
   963 | D:1      | Reached XP level 3. HP: 32/33 MP: 3/3
  1250 | D:2      | Reached skill level 1 in Polearms
  1381 | D:2      | Reached ** piety under Lugonu
  1522 | D:2      | Found a hazy altar of Hepliaklqana.
  1607 | D:2      | Reached XP level 4. HP: 30/40 MP: 4/4
  1946 | D:2      | Reached skill level 2 in Polearms
  2130 | D:3      | Reached XP level 5. HP: 46/46 MP: 4/6
  2548 | D:3      | Found a bloodstained altar of Trog.
  2588 | D:3      | Reached skill level 3 in Polearms
  2860 | D:4      | Reached XP level 6. HP: 52/52 MP: 7/7
  2874 | D:4      | Noticed Edmund
  2934 | D:3      | Killed Edmund
  3078 | D:4      | Reached skill level 4 in Polearms
  3270 | D:4      | Reached *** piety under Lugonu
  3311 | D:5      | Entered Level 5 of the Dungeon
  3311 | D:5      | Noticed a sky beast
  3322 | D:5      | Reached XP level 7. HP: 39/59 MP: 8/8
  3610 | D:5      | Noticed Sigmund
  3621 | D:5      | Killed Sigmund
  3621 | D:5      | Reached skill level 5 in Polearms
  3623 | D:5      | Reached XP level 8. HP: 44/67 MP: 9/9
  3707 | D:5      | Found a staircase to the Ecumenical Temple.
  3790 | D:5      | Reached skill level 6 in Polearms
  4047 | D:5      | Killed from afar by an orc wizard

Skill      XL: |  1  2  3  4  5  6  7  8 |
---------------+-------------------------+-----
Armour         | 2 3 4 |  4.7
Polearms       | 1 2 3 4 5 6 |  6.2
Fighting       | 4 |  4.6
Invocations    | 3 4 |  4.3
Axes           | |  1.8
Throwing       | |  0.3
Dodging        | |  0.8

Action                   |  1- 3 |  4- 6 |  7- 9 || total
-------------------------+-------+-------+-------++-------
Melee: Glaive            |   130 |   166 |    73 ||   369
       Hand axe          |     7 |       |       ||     7
Throw: Javelin           |       |       |     3 ||     3
Invok: Depart the Abyss  |     1 |       |       ||     1
Evoke: Wand              |       |       |     2 ||     2
  Use: Scroll            |       |     6 |     5 ||    11
       Potion            |       |       |     1 ||     1
  Eat: Chunk             |    23 |    27 |    13 ||    63
Armor: Leather armour    |    68 |       |       ||    68
       Chain mail        |       |   122 |    78 ||   200
Dodge: Dodged            |   102 |    79 |    35 ||   216
